 Dungeon Crawl Stone Soup version 0.20-a0-709-gd40821f (webtiles) character file.

1358 Gorglomux the Transmogrifier (level 8, 0/56 HPs)
             Began as a Merfolk Transmuter on Feb 21, 2017.
             Killed from afar by an orc wizard (9 damage)
             ... with a magic dart
             ... on level 5 of the Dungeon.
             The game lasted 00:15:19 (5046 turns).

Gorglomux the Transmogrifier (Merfolk Transmuter)   Turns: 5046, Time: 00:15:20

Health: 0/56       AC:  2    Str: 10    XL:     8   Next: 64%
Magic:  10/16      EV: 21    Int: 17    God:
Gold:   214        SH:  0    Dex: 20    Spells: 6/17 levels left

rFire    . . .     SeeInvis .     - Unarmed
rCold    . . .     Gourm    .   (armour currently unavailable)
rNeg     . . .     Faith    .   (shield currently unavailable)
rPois    x         Spirit   .   (helmet currently unavailable)
rElec    .         Reflect  .   (cloak currently unavailable)
rCorr    .         Harm     .   (gloves currently unavailable)
MR       +....                  (boots currently unavailable)
Stlth    ++........             (no amulet)
Regen    0.2/turn               j - +3 ring of intelligence
MPRegen  0.2/turn               m - ring of protection from magic

@: spider-form (expiring)
A: (change form in water), (swift swim), (stealthy swim)
a: End Transformation


You were on level 5 of the Dungeon.
You were not hungry.
You were a venomous arachnid creature.
You visited 2 branches of the dungeon, and saw 6 of its levels.
You also visited: Sewer.

You collected 214 gold pieces.

Inventory:

Hand Weapons
 b - a +0 blowgun
Missiles
 a - 24 arrows
 u - 7 javelins (quivered)
 G - 21 poisoned needles
Armour
 q - a +0 robe (melded)
Jewellery
 j - a +3 ring of intelligence (right front leg)
 m - a ring of protection from magic (left front leg)
 F - an uncursed ring of magical power
Scrolls
 h - 3 scrolls of remove curse
 p - a scroll of teleportation {unknown}
 t - 2 scrolls of amnesia {unknown}
 v - a scroll of recharging
 y - a scroll of blinking {unknown}
 z - 3 scrolls of immolation {unknown}
 H - a scroll of magic mapping {unknown}
 T - a scroll of fog {unknown}
 V - a scroll of noise {unknown}
Potions
 g - 4 potions of flight
 k - a potion of brilliance
 o - a potion of invisibility {unknown}
 s - a potion of agility
 A - a potion of haste {unknown}
 B - 4 potions of heal wounds
 C - a potion of degeneration {unknown}
 E - 2 potions of lignification
 S - a potion of cancellation {unknown}
Books
 c - a book of Changes

   Spells                             Type                      Level
   a - Beastly Appendage              Transmutation                1
   b - Sticks to Snakes               Transmutation                2
   c - Spider Form                    Transmutation/Poison         3
   d - Ice Form                       Ice/Transmutation            4
   e - Blade Hands                    Transmutation                5
Comestibles
 d - 6 bread rations
 n - 3 meat rations


   Skills:
 + Level 2.2 Fighting
 - Level 2.6 Dodging
 - Level 3.2 Unarmed Combat
 - Level 5.4 Spellcasting
 + Level 9.3 Transmutations
 - Level 5.1 Poison Magic


You had 6 spell levels left.
You knew the following spells:

 Your Spells              Type           Power        Failure   Level  Hunger
a - Beastly Appendage     Tmut           #####.       3%          1    None
b - Sticks to Snakes      Tmut           #####...     3%          2    #......
c - Spider Form           Tmut/Pois      ####......   8%          3    ##.....
d - Blade Hands           Tmut           #####.....   24%         5    ######.


Dungeon Overview and Level Annotations

Branches:
Dungeon (5/15)             Temple (1/1) D:4

Altars:
Cheibriados
Dithmenos
Elyvilon
Fedhas
Hepliaklqana
Kikubaaqudgha
Nemelex Xobeh
Okawaru
Qazlal
Sif Muna
Uskayaw
Xom
Yredelemnul
Zin
The Shining One


Message History

Your adder closely misses the howler monkey.
The orc wizard gestures at you while chanting.
The magic dart hits you!
* * * LOW HITPOINT WARNING * * *
The howler monkey hits your adder. The orc completely misses you.
You swap places.
Your adder bites the howler monkey.
The howler monkey closely misses your adder.
The orc wizard completely misses you.
The orc throws a silver tomahawk.
The silver tomahawk hits you but does no damage.
The silver sears you!
You see here a silver tomahawk.
You hit the orc wizard.
The orc wizard looks as sick as possible!
The orc wizard is severely wounded.
Your adder closely misses the howler monkey.
The howler monkey hits your adder.
Your adder dies!
The orc wizard casts a spell at you. The magic dart hits you!
You die...

#.# #.# ########.........
####.# #.# ##.######.#
.....# #.# #...#
###..###.### ###...###
#.....>..# ###.......##
#.#..###.# ##..........#
#....# #..####S..........#
#....# #..oh.SS.......##.#
#<.........###s)......##.#
#...##.## .# ##oo..#.###.#
#...# .. ..o..........##.#
##... . .............##.#
..#####..###.##.# . #..#
.# .# #.%# .# #... .. ##.#


You could see a howler monkey, an orc priest, an orc wizard, an orc and 3
friendly adders.

Vanquished Creatures
  Eustachio (D:5)
  Edmund (D:5)
  A phantom (D:5)
  An ice beast (D:5)
  3 ogres (D:4)
  Blork the orc (D:5)
  A bullfrog (D:5)
  A crimson imp (D:4)
  A hound (D:4)
  An orc priest (D:5)
  A bullfrog skeleton (D:4)
  3 centaur skeletons (D:4)
  2 orc wizards (D:5)
  4 worker ants
  A worker ant zombie (D:5)
  5 adders
  A river rat (Sewer)
  2 oozes (D:3)
  An adder skeleton (D:4)
  2 worms
  A dart slug (D:3)
  6 leopard geckos
  12 orcs
  2 ball pythons (D:4)
  7 giant cockroaches
  6 goblins
  5 hobgoblins
  2 jackals (D:3)
  3 kobolds (D:1)
  2 quokkas (D:3)
  A ball python skeleton (D:4)
  13 bats
  5 frilled lizards
  A leopard gecko skeleton (D:4)
  13 rats
113 creatures vanquished.

Vanquished Creatures (collateral kills)
  A big kobold (Sewer)
  A river rat (Sewer)
  An orc (D:5)
  2 kobolds (Sewer)
  2 frilled lizards
7 creatures vanquished.

Grand Total: 120 creatures vanquished

Notes
Turn   | Place    | Note
-------+----------+-------------------------------------------
     0 | D:1      | Gorglomux the Merfolk Transmuter began the quest for the Orb.
     0 | D:1      | Reached XP level 1. HP: 15/15 MP: 3/3
     7 | D:1      | Reached skill level 3 in Transmutations
    39 | D:1      | Reached XP level 2. HP: 9/21 MP: 3/5
   220 | D:1      | Learned a level 2 spell: Sticks to Snakes
   432 | D:1      | Reached skill level 4 in Transmutations
   620 | D:2      | Reached XP level 3. HP: 25/26 MP: 6/6
   738 | D:2      | Learned a level 3 spell: Spider Form
   777 | D:2      | Reached skill level 5 in Transmutations
  1238 | D:3      | Reached XP level 4. HP: 25/32 MP: 7/7
  1238 | D:3      | Reached skill level 1 in Poison Magic
  1914 | D:3      | Found a snail-covered altar of Cheibriados.
  2100 | D:4      | Noticed an ogre
  2107 | D:4      | Noticed an ogre
  2115 | D:4      | Killed an ogre
  2115 | D:4      | Reached skill level 3 in Poison Magic
  2115 | D:4      | Reached XP level 5. HP: 27/37 MP: 1/8
  2121 | D:4      | Killed an ogre
  2121 | D:4      | Reached XP level 6. HP: 32/43 MP: 2/9
  2224 | D:4      | Noticed a dagger
  2229 | D:4      | Noticed a dagger
  2253 | D:4      | Found a hide-covered altar of Uskayaw.
  2319 | D:4      | Reached skill level 6 in Transmutations
  2394 | D:4      | Found a staircase to the Ecumenical Temple.
  2399 | Temple   | Entered the Ecumenical Temple
  2630 | D:4      | Found a glowing drain.
  2641 | D:4      | Reached skill level 3 in Spellcasting
  2662 | Sewer    | Entered a sewer
  2674 | Sewer    | Reached XP level 7. HP: 20/48 MP: 8/11
  3180 | Sewer    | Found a white marble altar of Elyvilon.
  3270 | D:4      | Found a shimmering altar of Xom.
  3271 | D:4      | Found a shimmering altar of Xom.
  3283 | D:4      | Found a shimmering altar of Xom.
  3286 | D:4      | Found a shimmering altar of Xom.
  3286 | D:4      | Found a shimmering altar of Xom.
  3433 | D:4      | Found a glowing golden altar of the Shining One.
  3491 | D:4      | Reached skill level 7 in Transmutations
  3817 | D:5      | Entered Level 5 of the Dungeon
  3819 | D:5      | Noticed Edmund
  3837 | D:5      | Killed Edmund
  3956 | D:5      | Noticed Eustachio
  4266 | D:5      | Reached XP level 8. HP: 45/54 MP: 12/14
  4276 | D:5      | Reached skill level 8 in Transmutations
  4556 | D:5      | Killed Eustachio
  4822 | D:5      | Noticed Blork the orc
  4834 | D:5      | Killed Blork the orc
  4834 | D:5      | Reached skill level 9 in Transmutations
  4888 | D:5      | Learned a level 5 spell: Blade Hands
  5046 | D:5      | Killed from afar by an orc wizard

Vault maps used:
D:1:      dpeg_arrival_rhombus
D:3:      kennysheep_slug_shrine
D:4:      tso_metal_star, dancing_weapons_uskayaw, temple_statues,
          portal_sewer_entry_a, grunt_ministairs_9, xom_redecorated
D:5:      first_bread, hex_medium, uniq_blork_the_orc, uniq_eustachio,
          uniq_edmund
Temple:   minmay_temple_curvy_loop
Sewer:    sewer_kobolds

Skill      XL: |  1  2  3  4  5  6  7  8 |
---------------+-------------------------+-----
Transmutations | 3 4 5 6 7 9 |  9.3
Poison Magic   | 3 4 5 |  5.1
Spellcasting   | 3 4 5 |  5.4
Fighting       | 2 |  2.2
Dodging        | |  2.6
Unarmed Combat | |  3.2

Action                   |  1- 3 |  4- 6 |  7- 9 || total
-------------------------+-------+-------+-------++-------
Melee: Unarmed           |   134 |   108 |   189 ||   431
       Headbutt          |     9 |     4 |     3 ||    16
       Punch             |     1 |     2 |     1 ||     4
       Tailslap          |       |     1 |       ||     1
 Fire: Blowgun           |       |       |     4 ||     4
 Cast: Beastly Appendage |    16 |     2 |     4 ||    22
       Spider Form       |     5 |    10 |    12 ||    27
       Sticks to Snakes  |       |     3 |    10 ||    13
       Blade Hands       |       |       |     1 ||     1
 Abil: End Transformatio |       |       |     2 ||     2
  Use: Scroll            |     4 |       |     3 ||     7
       Potion            |       |       |     3 ||     3
  Eat: Chunk             |     3 |     7 |     5 ||    15
       Royal jelly       |       |       |     2 ||     2
Armor: Robe              |    37 |       |     9 ||    46
       Skin              |       |     7 |     9 ||    16
Dodge: Dodged            |   123 |    95 |   185 ||   403
